← All builds
Tech / Armada / Economy first / OBSERVED BUILD

Standard tech

Armada Tech (Eco) build order · Supreme Isthmus

Rushes T2 by 4:15, gets Advanced Metal Extractor around 5:28, hands off T2 constructors to Geo and the team, then scales eco and supplies the team's T2 needs through the rest of the game.

Usually first T2 con to Geo (83%)

#eco #t2 #team support · 1579 distinct matches · 255 players · 58% of Armada Tech games · team won 53% of 1874 · Recently observed

HOW TO PLAY IT

Key timing: T2 factory by 4:15

  1. Open 3 mex and heavy wind to fund a fast T2 rush.
  2. Put down Bot Lab, planning to eat it for reclaim soon after.
  3. Get Advanced Bot Lab up, hitting the T2 factory rush timing.
  4. Upgrade mex to Advanced Metal Extractor to lock in team metal income.
  5. Eat Advanced Bot Lab and keep sending cons to Geo and Pond.

Phase by phase

TYPICAL OF ITS 1579 GAMES
  1. 1
  2. 2
  3. 3
  4. 4
PLAY THE OPENING

Follow the example game's first 6:00 step by step: what to build now, what comes next, and where it goes. At 1× it keeps pace with your own game.

  1. 1

    Up to the Bot Lab

    Economy
    • Metal Extractor3Mex
    • Wind Turbine4Wind
    Order
    1. Bot LabBot Lab after 3 mex, 4 winddone ~1:18, middle half 1:13–1:32

    Some games also: energy storage (31%)

    By 1:01 in all: 3 mex · 4 wind

    The example game in this phase · 3 steps
    1. Mex ×3
    2. Wind ×3
    3. Bot LabBot Labdone 1:10 · typical 1:18
  2. 2

    Bot Lab to Advanced Bot Lab

    Economy
    • Metal Extractor1Mex
    • Wind Turbine8Wind
    • Energy Storage1Energy storage
    Order
    1. Advanced Bot LabAdvanced Bot Lab after 4 mex, 12 wind, 3 con turretdone ~4:16, middle half 4:04–4:30
    Builders
    • Construction Turret3 Con turret
    • Lazarus3 Lazarus
    • Construction Bot2 Con bot
    • Construction Bot1 Con bot for allies

    Some games also: converter (36%)

    By 3:18 in all: 4 mex · 12 wind · 1 energy storage · 3 con turret

    The example game in this phase · 16 steps
    1. Construction BotCon bot
    2. Wind ×4
    3. LazarusLazarus
    4. Wind ×3
    5. LazarusLazarus
    6. Mex
    7. Wind ×2
    8. LazarusLazarus ×3
    9. Construction BotCon bot
    10. Energy storage
    11. Construction BotCon bot ×2
    12. Converter ×2
    13. Con turret
    14. Converter ×3
    15. Con turret
    16. Advanced Bot LabAdvanced Bot Labdone 4:50 · typical 4:16
  3. 3

    Advanced Bot Lab to 5:00

    Economy
    • Wind Turbine3Wind
    Order
    1. Bot LabEat Bot Lab
    Builders
    • Advanced Construction Bot1 T2 con bot for allies

    Some games also: converter (35%)

    By 5:00 in all: 4 mex · 15 wind · 1 converter · 1 energy storage · 3 con turret

    The example game in this phase · 2 steps
    1. Bot LabEat Bot Labreclaimed for its metal
    2. Advanced Construction BotT2 con botfor Pond
  4. 4

    5:00 to 10:00

    Economy
    • Wind Turbine43Wind
    • Energy Converter6Converter
    Builders
    • Butler9 Butler
    • Advanced Construction Bot4 T2 con bot for allies
    • Advanced Construction Bot1 T2 con bot

    Some games also: con turret (43%) · Butler for allies (36%)

    By 10:00 in all: 4 mex · 58 wind · 8 converter · 1 energy storage · 3 con turret

    The example game in this phase · 238 steps
    1. Advanced Metal ExtractorT2 mexdone 5:30 · typical 5:29
    2. Advanced Construction BotT2 con botfor Geo sea
    3. Advanced Metal ExtractorT2 mex
    4. Wind
    5. ButlerButler ×2
    6. Advanced Metal ExtractorT2 mex
    7. Wind ×2
    8. Advanced Construction BotT2 con botfor Air
    9. Wind ×4
    10. Advanced Metal ExtractorT2 mex
    11. Wind ×5
    12. ButlerButler ×2
    13. Wind
    14. Advanced Construction BotT2 con botfor Beach sea
    15. Wind ×12
    16. ButlerButler
    17. Converter
    18. Wind ×3
    19. Advanced Construction BotT2 con botfor Suicide front
    20. Wind ×5
    21. Converter
    22. Wind
    23. ButlerButler
    24. Wind ×2
    25. ButlerButler
    26. Wind
    27. Converter
    28. Wind ×3
    29. ButlerButler
    30. Wind ×2
    31. Converter
    32. Wind
    33. Advanced Construction BotT2 con botfor Front
    34. Wind ×3
    35. Converter
    36. Wind ×5
    37. ButlerButler
    38. Wind
    39. Converter
    40. Wind ×3
    41. ButlerButler
    42. Wind
    43. Converter
    44. Wind ×2
    45. ButlerButler
    46. Wind ×4
    47. Converter
    48. Advanced Construction BotT2 con bot
    49. Wind ×5
    50. ButlerButler
    51. Wind
    52. Converter
    53. Wind ×2
    54. ButlerButler
    55. Wind ×2
    56. Converter
    57. Wind
    58. Converter
    59. Wind
    60. ButlerButler
    61. Wind
    62. Converter
    63. Wind ×2
    64. ButlerButler
    65. Wind ×2
    66. Converter ×2
    67. Wind
    68. ButlerButler
    69. Wind ×3
    70. Converter
    71. Wind
    72. Converter
    73. Wind ×2
    74. ButlerButler
    75. Converter
    76. Wind ×5
    77. Converter ×2
    78. Wind ×6
    79. Converter
    80. Wind ×5
    81. Converter
    82. Wind ×6
    83. Converter
    84. Wind ×3
    85. Converter
    86. Wind ×8
    87. Converter
    88. Wind ×2
    89. Converter
    90. Wind ×7
    91. Converter
    92. Wind ×2
    93. GunslingerGunslingerdone 11:35
    94. Wind
    95. Converter
    96. Wind ×5
    97. Converter
    98. Wind ×5
    99. Converter
    100. Wind ×4
    101. Converter
    102. Wind ×6
    103. Converter
    104. Wind
    105. ButlerButler
    106. Wind
    107. Converter
    108. Wind ×6
    109. Converter
    110. Wind
    111. ButlerButler
    112. Wind ×2
    113. Converter
    114. Wind ×6
    115. Converter
    116. ButlerButler
    117. Wind ×8
    118. Converter
    119. Wind ×2
    120. ButlerButler
    121. Wind ×8
    122. Converter
    123. Wind ×2
    124. ButlerButler
    125. Wind ×6
    126. Converter
    127. ButlerButler
    128. Wind ×8
    129. Converter
    130. Wind
    131. Converter
    132. Wind ×8
    133. Converter
    134. Wind ×2
    135. Converter
    136. Wind ×2
    137. SharpshooterSniper botdone 12:50
    138. Wind ×2
    139. Converter
    140. Wind
    141. Converter
    142. Wind ×6
    143. Converter ×2
    144. Wind ×6
    145. Converter
    146. Wind
    147. Converter
    148. Wind ×4
    149. Converter
    150. Wind
    151. Converter
    152. Wind ×6
    153. Converter ×2
    154. Wind ×6
    155. Converter ×2
    156. Wind
    157. Con turret
    158. Wind ×2
    159. Converter
    160. Wind ×3
    161. Converter
    162. Wind ×2
    163. Con turret
    164. Wind
    165. Converter
    166. Wind
    167. Converter
    168. Wind ×2
    169. CompassRadar bot
    170. Wind ×3
    171. Converter
    172. SharpshooterSniper bot
    173. Converter
    174. Wind ×3
    175. Con turret
    176. Wind
    177. Converter ×2
    178. Wind ×2
    179. Con turret
    180. Wind ×2
    181. Converter
    182. Wind
    183. Converter
    184. Wind
    185. Con turret
    186. Wind ×3
    187. Converter
    188. Con turret
    189. Wind ×3
    190. Con turret
    191. SharpshooterSniper bot
    192. Wind
    193. Advanced Fusion ReactorAdvanced Fusion Reactornot finished by 15:00
    194. Converter
    195. Wind ×3
    196. Con turret
    197. Wind ×2
    198. Converter
    199. Wind
    200. Con turret
    201. Wind ×2
    202. Con turret
    203. Converter
    204. Wind ×2
    205. Con turret
    206. Wind ×2
    207. Con turret
    208. Converter
    209. Wind
    210. SharpshooterSniper bot
    211. Wind ×2
    212. Converter
    213. Wind ×2
    214. Con turret
    215. Wind
    216. Converter
    217. Con turret
    218. Wind
    219. Con turret
    220. Wind
    221. Con turret
    222. Converter
    223. Wind
    224. Con turret
    225. Wind
    226. Con turret
    227. Wind ×2
    228. Con turret
    229. Wind
    230. Converter
    231. Wind ×2
    232. SprinterSprinter
    233. Wind ×2
    234. Con turret
    235. Converter
    236. Wind ×2
    237. SprinterSprinter
    238. Wind ×2

Counts are medians over the build's games: half of them build more, half fewer. The example game is BubaOfRohan's (31 OS, 15/08/2026); pick another.

Team trades

IN AT LEAST 30% OF ITS GAMES

You hand over

  • Construction Bot1 Con bot to Airfirst at 2:23 · in 84% of games
  • Advanced Construction Bot5 T2 con bot to Air or Geo sea or Pondfirst at 4:50 · in 99% of games
  • Butler2 Butler to Geo sea or Beach sea or Pondfirst at 9:07 · in 42% of games

You get

  • Hercules1 Light transport from Airfirst at 4:01 · in 86% of games

How it plays out

Typical game of this build, running totals by minute

Metal produced

020k40k
0:005:0010:0015:00

metal

Enemy metal destroyed

050100
0:005:0010:0015:00

metal

Own metal lost

050100150
0:005:0010:0015:00

metal

1874 games.

Show as table
ByMetal produced: This buildEnemy metal destroyed: This buildOwn metal lost: This build
1:0038300
2:0091500
3:00165100
4:00314400
5:00484700
6:00580000
7:00722700
8:00906100
9:001117300
10:001350300
11:001624200
12:001965600
13:002344500
14:0027362073
15:003154285130
WHAT THE NUMBERS SAY

Standard Tech play barely fights at all early, instead pouring metal into T2 infrastructure and constructors for the team.

  • + Metal produced hits 31679 by 15:00, by far the highest of any role here.
  • + T2 factory reached in 97% of games by 4:15, fastest and most reliable T2 timing.
  • − Enemy metal destroyed stays at 0 through 10:00, no early offense at all.
  • − Own metal lost also near 0, showing total avoidance of combat risk.
THE EXAMPLE YOU ARE READING

BubaOfRohan

30.9 OS · 15/08/2026

Open source match ↗

1 received units
994 metal received · 72319 energy received

Allied construction assistance is unknown. Timings are observations, not a promise of solo reproducibility.

Typical milestones

Bot Lab1:18Middle 50%: 1:13–1:32 · n=1874
Advanced Bot Lab4:16Middle 50%: 4:04–4:30 · n=1867
Advanced Metal Extractor5:29Middle 50%: 5:05–5:59 · n=1870

Played most by

Amrissa93games of this buildTheGeneraI66games of this buildAdeus57games of this buildEl_Turco56games of this buildKOT_43games of this build